AoeStats
← niparrara

Arabia

510366527Analyzed
1v1 RM · 1d ago on Sep 30, 2026· 31m 14s· 2 players
Game mode
Random Map
Map size
Tiny (2 player)
Population
200
Speed
Normal
Resources
Standard
Victory
Conquest
Starting age
Dark Age
Ending age
Imperial Age
RankedLock teamsTeams togetherTeam positionsShared explorationLock speedFull tech treeHidden civsTurbo modeCheats
Victory
Defeat
🇨🇴 Goths · Colombia
778
+15
🇨🇿 Magyars · Czechia
758
-15
Hoppusen^^
11:00 Feudal Age
11:37 Horse Collar
11:45 Double-Bit Axe
12:59 Bloodlines
20:09 Fletching
20:24 Padded Archer Armor
22:25 Wheelbarrow
24:41 Castle Age
25:06 Crossbowman
25:52 Thumb Ring
28:50 Bodkin Arrow
30:30 Leather Archer Armor
niparrara
1:46 Loom
11:12 Feudal Age
12:08 Man-at-Arms
15:11 Double-Bit Axe
19:21 Forging
20:36 Wheelbarrow
23:26 Castle Age
21:33 Scale Mail Armor
23:49 Horse Collar
24:39 Husbandry
25:35 Iron Casting
25:05 Scale Barding Armor
26:17 Long Swordsman
27:39 Scale Barding Armor
29:04 Chain Barding Armor
30:19 Stone Mining
30:19 Gold Mining
32:02 Chain Mail Armor
Connection lost

Rejoining the realm…

Still unreachable

The connection could not be restored.

Session expired

The server has moved on; the page needs a fresh start.